 Dungeon Crawl Stone Soup version 0.29.1-2-gbd0b4ee654 (webtiles) character file.

Game seed: 3147723611747567385

79 zeram the Shield-Bearer (level 4, 0/28 HPs)
             Began as a Gargoyle Fighter on Nov 30, 2022.
             Slain by a jackal (3 damage)
             ... on level 1 of the Dungeon.
             The game lasted 00:02:43 (1599 turns).

zeram the Shield-Bearer (Gargoyle Fighter)          Turns: 1599, Time: 00:02:44

Health: 0/28       AC: 10    Str: 19    XL:     4   Next: 37%
Magic:  4/4        EV:  9    Int: 12    God:
Gold:   61         SH:  5    Dex: 12    Spells: 3/3 levels left

rFire   + . .      SeeInvis .   a - +0 flail
rCold   + . .      Faith    .   c - +0 buckler
rNeg    + . .      Spirit   .   b - +0 scale mail
rPois   ∞          Reflect  .   (no helmet)
rElec   +          Harm     .   (no cloak)
rCorr   +          Rampage  .   (no gloves)
Will    .....                   (no boots)
Stlth   ..........              (no amulet)
HPRegen 0.09/turn               (no ring)
MPRegen 0.09/turn               (no ring)

@: resistant
A: sickness immunity, AC +3, negative energy resistance 1, electricity
resistance, torment resistance 1, petrification resistance, agile 1, clever 1
a: no special abilities


You were on level 1 of the Dungeon.
You visited 1 branch of the dungeon, and saw 2 of its levels.

You collected 61 gold pieces.

Inventory:

Hand Weapons
 a - a +0 flail (weapon)
Armour
 b - a +0 scale mail (worn)
 c - a +0 buckler (worn)
Potions
 d - a potion of might


   Skills:
 - Level 3.2 Fighting
 + Level 3.2 Maces & Flails
 + Level 3.9 Armour
 + Level 0.5 Dodging
 + Level 4.0 Shields


You had 3 spell levels left.
You didn't know any spells.
Your spell library contained the following spells:

 Spells                   Type           Power      Damage    Failure   Level
 Wereblood                Tmut           0%         N/A       88%         2
 Summon Hydra             Summ           0%         N/A       100%        7
 Sublimation of Blood     Necr           Unusable   N/A       N/A         2

Dungeon Overview and Level Annotations

Branches:
Dungeon (2/15)

Altars:

Annotations:
D:2 Robin


Innate Abilities, Weirdness & Mutations

You are immune to sickness and miasma.
Your stone body is resilient. (AC +3)
You are immune to poison.
You resist negative energy. (rN+)
You are resistant to electric shocks. (rElec)
You are resistant to unholy torment.
You are immune to petrification.
You are agile. (Dex +4, Str/Int -1)
Your mind is acute. (Int +4, Str/Dex -1)


Message History

You feel protected.
The jackal bites you but does no damage. x2
The goblin hits you but does no damage.
The hobgoblin hits you but does no damage.
The hobgoblin barely misses you.
It was a potion of mutation.
You feel extremely strange.
You feel agile.
You feel clever.
The jackal bites you but does no damage.
The hobgoblin closely misses you. The goblin barely misses you.
The hobgoblin hits you but does no damage.
You hit the hobgoblin.
You kill the hobgoblin!
The jackal bites you but does no damage.
The hobgoblin hits you but does no damage.
The goblin hits you but does no damage. The jackal barely misses you.
Unknown command.
You sock the goblin!
You kill the goblin!
The jackal barely misses you.
The hobgoblin hits you but does no damage.
You block the goblin's attack.
The jackal bites you but does no damage.
Unknown command.
The goblin no longer looks unusually strong.
You block the jackal's attack.
The hobgoblin hits you but does no damage.
The goblin hits you but does no damage.
Items here: )) ÷ ††.
Unknown command.
You hit the goblin.
The goblin is severely wounded.
You block the jackal's attack.
The hobgoblin hits you but does no damage.
The goblin closely misses you. The jackal bites you.
* * * LOW HITPOINT WARNING * * *
The hobgoblin completely misses you. You block the goblin's attack.
You hit the goblin.
You kill the goblin!
The jackal bites you.
You die...

#.....###...# #.... ########
#....##.##..# #.... #......#
#...##.#.#).####.... .......#
#..##.####....##.... .......#
#..#.##.......##.... .).....#
#.............##.... .......##
#..............#....
........######)h)...#####.#.#....
.............#†>@.....###.#..###.
#######.##.#.###g.##.......#.# #.
# #.##.#...).............###. ###
#.#......#...#..........##. ..##
##...##.......#........#.... ...#
#...........................
...###........##...#.......#.....
.#..##......^.#..................
....##........#............#.....


You could see a jackal and a hobgoblin.

Vanquished Creatures
  An orc wizard (D:2)
  A worm (D:1)
  2 dart slugs (D:1)
  2 orcs
  4 ball pythons (D:1)
  2 endoplasms (D:1)
  2 giant cockroaches (D:1)
  5 goblins (D:1)
  9 hobgoblins (D:1)
  6 jackals (D:1)
  2 kobolds (D:1)
  2 bats
  2 rats
40 creatures vanquished.

Notes
Turn   | Place    | Note
-------+----------+-------------------------------------------
     0 | D:1      | zeram the Gargoyle Fighter began the quest for the Orb.
     0 | D:1      | Reached XP level 1. HP: 14/14 MP: 1/1
   220 | D:1      | Reached XP level 2. HP: 12/19 MP: 2/2
   798 | D:1      | Reached XP level 3. HP: 22/23 MP: 3/3
  1289 | D:2      | Reached skill level 4 in Shields
  1289 | D:2      | Reached XP level 4. HP: 19/28 MP: 4/4
  1398 | D:2      | Noticed Robin
  1590 | D:1      | HP: 1/28 [hobgoblin[Robin] (6)]
  1594 | D:1      | Gained mutation: You are agile. (Dex +4, Str/Int -1)
                  | [potion of mutation]
  1594 | D:1      | Gained mutation: Your mind is acute. (Int +4, Str/Dex -1)
                  | [potion of mutation]
  1599 | D:1      | Slain by a jackal

Illustrated notes

Levels and vault maps discovered:
D:1:      dpeg_arrival_rhombus, layout_rooms, amethyst_killhole,
          minmay_misc_feat_plants, reono_crystal_passage
D:2:      layout_rooms, kennysheep_generic_room_13, uniq_natasha, uniq_robin

Skill      XL: |  1  2  3  4 |
---------------+-------------+-----
Shields        | 4 |  4.0
Maces & Flails | 3 |  3.2
Fighting       | |  3.2
Armour         | |  3.9
Dodging        | |  0.5

Action                   |  1- 3 |  4- 6 || total
-------------------------+-------+-------++-------
Melee: Flail             |    90 |    39 ||   129
  Use: Scroll            |     4 |       ||     4
       Potion            |       |     3 ||     3
Armor: Scale mail        |    75 |    84 ||   159
Dodge: Dodged            |    77 |    56 ||   133
Block: Buckler           |    33 |    21 ||    54
